 Dungeon Crawl Stone Soup version 0.29.1-1-gd02db6906a (webtiles) character file.

Game seed: 3439707111416836635

52 safid the Shooter (level 3, -2/31 HPs)
             Began as a Minotaur Hunter on Sept 30, 2022.
             Killed by nerve-wracking pain
             ... invoked by Grinder
              (10 damage)
             ... on level 3 of the Dungeon.
             The game lasted 00:02:04 (1182 turns).

safid the Shooter (Minotaur Hunter)                 Turns: 1182, Time: 00:02:04

Health: -2/31      AC:  3    Str: 15    XL:     3   Next: 60%
Magic:  2/2        EV: 12    Int:  6    God:
Gold:   113        SH:  0    Dex: 15    Spells: 2/2 levels left

rFire   . . .      SeeInvis .   a - +0 shortbow
rCold   . . .      Faith    .   (shield currently unavailable)
rNeg    . . .      Spirit   .   c - +0 leather armour
rPois   .          Reflect  .   (helmet restricted)
rElec   .          Harm     .   (no cloak)
rCorr   .          Rampage  .   (no gloves)
Will    .....                   (no boots)
Stlth   +.........              (no amulet)
HPRegen 0.10/turn               (no ring)
MPRegen 0.08/turn               (no ring)

@: no status effects
A: horns 2, retaliatory headbutt
a: no special abilities


You were on level 3 of the Dungeon.
You visited 1 branch of the dungeon, and saw 3 of its levels.

You collected 113 gold pieces.

Inventory:

Hand Weapons
 a - a +0 shortbow (weapon)
Armour
 c - a +0 leather armour (worn)
Jewellery
 d - an amulet of the acrobat
Scrolls
 b - 3 scrolls of immolation
 g - 2 scrolls of identify {unknown}
 i - a scroll of noise {unknown}
 j - a scroll of teleportation {unknown}
 k - a scroll of acquirement {unknown}
 l - 2 scrolls of silence {unknown}
 m - a scroll of enchant weapon {unknown}
Potions
 e - 2 potions of heal wounds {unknown}
 f - 3 potions of degeneration {unknown}
 h - a potion of flight {unknown}
 n - a potion of resistance {unknown}


   Skills:
 - Level 3.0 Fighting
 + Level 5.7 Ranged Weapons
 - Level 2.1 Dodging
 - Level 0.7 Stealth


You had 2 spell levels left.
You didn't know any spells.
Your spell library contained the following spells:

 Spells                   Type           Power      Damage    Failure   Level
 Apportation              Tloc           0%         N/A       52%         1
 Freeze                   Ice            0%         1d3       52%         1
 Necrotise                Necr           0%         1d4       52%         1
 Summon Small Mammal      Summ           0%         N/A       52%         1
 Frozen Ramparts          Ice            0%         1d1       88%         3
 Hailstorm                Conj/Ice       0%         3d3       99%         4


Dungeon Overview and Level Annotations

Branches:
Dungeon (3/15)

Altars:
Uskayaw

Annotations:
D:3 Grinder


Innate Abilities, Weirdness & Mutations

You have a pair of horns on your head.
You reflexively headbutt those who attack you in melee.


Message History

Pain shoots through your body!
You shoot an arrow. The arrow closely misses Grinder.
You shoot an arrow.
The arrow hits Grinder but does no damage.
Grinder barely misses you. You furiously retaliate!
You headbutt Grinder, but do no damage. You shoot an arrow.
The arrow hits Grinder but does no damage.
Grinder hits you but does no damage.
You shoot an arrow. The arrow hits Grinder.
Grinder is lightly wounded.
Grinder blinks! x2
You shoot an arrow. The arrow hits Grinder!
Grinder is moderately wounded.
Grinder zaps a wand.
The puff of flame hits you!
You shoot an arrow. The arrow hits Grinder.
Grinder is moderately wounded.
You shoot an arrow. The arrow closely misses Grinder.
Grinder zaps a wand.
The puff of flame hits you!
You are too injured to fight recklessly!
You are too injured to fight recklessly!
You are too injured to fight recklessly!
You are too injured to fight recklessly!
You are too injured to fight recklessly!
Fire: a) +0 shortbow
Press: ? - help, Q - select action Shift-Dir - straight line, f/p - Grinder
Aim: Grinder, carrying a wand of flame (14) (moderately wounded, 58% to hit)
You shoot an arrow. The arrow hits Grinder!
Grinder is heavily wounded.
Unknown command.
Fire: a) +0 shortbow
Press: ? - help, Q - select action Shift-Dir - straight line, f/p - Grinder
Aim: Grinder, carrying a wand of flame (14) (heavily wounded, 58% to hit)
You shoot an arrow. The arrow closely misses Grinder.
Grinder gestures at you. Pain shoots through your body!
* * * LOW HITPOINT WARNING * * *
Grinder gestures at you. Pain shoots through your body!
You die...

#. ###.# .....##
## ....... .#
.......#.#
.......5.#
.#####...#
..##..(##@.#
#.#.#.#(#..#
#.#..#((#..#
#.#.#(#(#..#
#.##.((##.## #
#.###.###.# #
#.#.###.#.# ##
#.#.....#.#
.#######.##._.##.#


You could see Grinder and 8 dancing weapons.

Vanquished Creatures
  A worm (D:2)
  3 dart slugs (D:1)
  7 endoplasms
  4 giant cockroaches
  4 goblins
  3 hobgoblins (D:1)
  3 quokkas
  2 ball pythons (D:1)
  A bat (D:2)
  3 frilled lizards
  4 kobolds
  4 rats
39 creatures vanquished.

Notes
Turn   | Place    | Note
-------+----------+-------------------------------------------
     0 | D:1      | safid the Minotaur Hunter began the quest for the Orb.
     0 | D:1      | Reached XP level 1. HP: 18/18 MP: 0/0
   129 | D:1      | Reached XP level 2. HP: 26/26 MP: 1/1
   206 | D:1      | Found a faded altar of an unknown god.
   276 | D:1      | Reached skill level 5 in Ranged Weapons
   424 | D:1      | Reached XP level 3. HP: 31/31 MP: 2/2
   762 | D:2      | You fall into a shaft and drop 1 floor!
  1093 | D:3      | Noticed a +0 spear
  1100 | D:3      | Found a hide-covered altar of Uskayaw.
  1100 | D:3      | Noticed a +0 dagger
  1100 | D:3      | Noticed a +0 short sword
  1100 | D:3      | Noticed a +0 falchion
  1101 | D:3      | Noticed a +0 spear
  1102 | D:3      | Noticed a +0 dagger
  1104 | D:3      | Noticed a +0 short sword
  1104 | D:3      | Noticed a +0 falchion
  1169 | D:3      | Noticed Grinder
  1182 | D:3      | Killed from afar by Grinder

Illustrated notes

Levels and vault maps discovered:
D:1:      dpeg_arrival_tiny_d, layout_loops_ring,
          hellmonk_ecumenical_altar_lost_god
D:2:      layout_basic
D:3:      layout_loops_corners, nicolae_uskayaw_en_pointe,
          mainiacjoe_overflow_alcove_2, mainiacjoe_overflow_cross_hatched,
          minmay_misc_feat_pillars, uniq_robin, uniq_ijyb, uniq_grinder

Skill      XL: |  1  2 |
---------------+-------+-----
Fighting       | 3 |  3.0
Ranged Weapons | 5 |  5.7
Dodging        | |  2.1
Stealth        | |  0.7

Action                   || total
-------------------------++-------
 Fire: Shortbow          ||    93
Armor: Leather armour    ||     3
Dodge: Dodged            ||     5
